aliz, chaotic male human Monk - ---- ---.- --- |..| |....| ----.| |..---@d.-- --....-- ---.......---. ---......| --- --..........| |.....(.-- --.-- --........--- |.......| |.....---- |........(.---.......---- |........-- --.--...................-- --.........| --...|.--*|.^......*....|--- |....^....------.---------...%.....<..|..-- |.............%..*...).*...........).(....| -----......----------------...............| ----....| -------.--.--...| --..-- ----------- ---- aliz the Novice Experience level: 5 Strength: 18 Dexterity: 14 Constitution: 12 Intelligence: 8 Wisdom: 14 Charisma: 11 Health: 0(32) Energy: 21(21) Def: 8 Gold: 212 Moves: 1340 Dungeon seed: znUdnFX8f6uMpyfr Game ID: aliz_1559038599 Your Inventory: Coins $ - 212 gold pieces Weapons A - a cursed -1 aklys (weapon in hand) Armor e - an uncursed +2 pair of leather gloves (being worn) n - an uncursed +1 robe (being worn) q - an uncursed +0 dwarvish cloak y - an uncursed +0 pair of iron shoes (being worn) Comestibles f - 3 uncursed food rations g - 6 uncursed apples h - 7 uncursed oranges i - 4 uncursed fortune cookies p - 3 uncursed tripe rations r - an uncursed tin of kobold meat w - an uncursed tin of large kobold meat Scrolls b - an uncursed scroll of enchant armor j - an uncursed scroll of teleportation m - a cursed scroll of teleportation t - an uncursed scroll of identify Spellbooks a - a blessed spellbook of sleep Potions d - 2 uncursed potions of healing Tools l - a tinning kit (0:78) o - an uncursed tin opener s - an uncursed towel z - a blessed tallow candle (0:200) B - an uncursed tallow candle (0:200) Spells and supernatural/magical abilities: Name Level Category Fail Memory z - sleep 1 enchantment 0% 94% W - pray for help -- divine ? -- Your skills at the end: Fighting Skills martial arts [Basic] Weapon Skills Spellcasting Skills healing spells [Basic] Final Attributes: You were piously aligned. You were sleep resistant. You were poison resistant. You saw invisible. You were stealthy. You were fast. You are dead. Vanquished creatures: a gnome king a gnome lord a gnomish wizard a kitten 2 dwarves a giant bat a coyote a hobbit a large kobold 11 gnomes 3 geckos a jackal 2 kobolds a goblin a sewer rat 2 grid bugs a lichen a newt 33 creatures vanquished. Voluntary challenges: You followed a strict vegan diet. You were an atheist. You used a wielded weapon 3 times, starting on turn 1331. You were illiterate. You never genocided any monsters. You never polymorphed an object. You never changed form. You used no wishes. You never split a pudding. You never wrote Elbereth's name. You never violated your personal moral code. Dungeon overview: The Dungeons of Doom: levels 1 to 4 Level 1 a fountain a long staircase Level 2 a fountain Level 3 a general store Level 4 a fountain stairs to The Gnomish Mines The Gnomish Mines: levels 5 to 6 Level 5 stairs to The Dungeons of Doom Level 6 <- You were here History has recorded: On T:1 you entered the Dungeons of Doom to retrieve the Amulet of Yendor! On T:193 you reached level 2 of The Dungeons of Doom. On T:460 you reached level 3 of The Dungeons of Doom. On T:463 you advanced to experience level 2. On T:711 you reached level 4 of The Dungeons of Doom. On T:969 you advanced to experience level 3. On T:979 you reached level 1 of The Gnomish Mines. On T:998 you advanced to experience level 4. On T:1103 you reached level 2 of The Gnomish Mines. On T:1127 you advanced to experience level 5. Score breakdown: Gold: 212 ( 7920 points) Experience: 5 levels (11141 points) Exploration: 6 levels ( 12.50%) ( 9784 points) Discoveries: 2 items ( 0.71%) ( 2535 points) Valuables value: (no points given unless you survive) Artifact value: 0 ( 0 points) Variety of kills: 18 monsters ( 4.72%) ( 6520 points) Turncount: 1340 turns ( 0 points) Survival: died (score multiplied by 80%) Total score: 30320 Latest messages: The little dog misses. You hit the little dog. The little dog bites! You miss the little dog. The little dog bites! You miss the little dog. The little dog bites! You miss the little dog. The little dog misses. You miss the little dog. The little dog bites! You miss the little dog. The little dog bites! You miss the little dog. The little dog just misses! You miss the little dog. The little dog bites! You hit the little dog. The little dog bites! You miss the little dog. The little dog bites! You miss the little dog. The little dog just misses! You miss the little dog. The little dog bites! You die... Final status: Goodbye aliz the Monk, killed by a little dog... You died in The Gnomish Mines on dungeon level 6 with 30320 points, and 212 pieces of gold, after 1340 moves. You were level 5 with a maximum of 32 hit points when you died.